Workbook

Sheet Resumen
A1: VALORACIÓN TÉCNICA: | B1: E19-0089 "DIGITALIZACIÓN EN FASE I DEL FONDO DOCUMENTAL DE LA AUTORIDAD PORTUARIA DE BALEARES"
A2: EMPRESA / UTE | B2: 1. Memoria Descriptiva. | C2: 2. Medios Técnicos | D2: 3. Plan de Calidad | E2: 4. Otras mejoras | F2: VT
B3: 12.5 | C3: =Gral!B5 -> 10 | D3: =Gral!B7 -> 15 | E3: =Gral!B11 -> 2.5
H4: Comentarios
A5: Zertifika General SL | B5: =Gral!C2 -> 5.625 | C5: =Gral!C5 -> 9 | D5: =Gral!C7 -> 11.25 | E5: =Gral!C11 -> 1 | F5: =SUM(B5:E6) -> 26.875 | G5: =IF(F5<=20,"NO ACEPTABLE","ACEPTABLE") -> ACEPTABLE | H5: *Se informa que el ofertante ha incluido en su oferta el Plazo de entrega de expedientes a petición de la APB, que es un criterio de adjudicación evaluables de forma automática.
A7: GABINET BALEAR D’INTEGRACIÓ LABORAL, S.L. | B7: =Gral!D2 -> 12.5 | C7: =Gral!D5 -> 6 | D7: =Gral!D7 -> 11.25 | E7: =Gral!D11 -> 1 | F7: =SUM(B7:E8) -> 30.75 | G7: =IF(F7<=20,"NO ACEPTABLE","ACEPTABLE") -> ACEPTABLE
A11: INACEPTABLE ≤50% (20 puntos)
A12: SUFICIENTE >50 % (20 puntos)

Sheet Gral
A1: E19-0089 "DIGITALIZACIÓN EN FASE I DEL FONDO DOCUMENTAL DE LA AUTORIDAD PORTUARIA DE BALEARES" | B1: Peso | C1: =Resumen!A5 -> Zertifika General SL | D1: =+Resumen!A7 -> GABINET BALEAR D’INTEGRACIÓ LABORAL, S.L.
A2: 1. Memoria Descriptiva (12,5) | B2: =SUM(B3:B4) -> 12.5 | C2: =+SUMPRODUCT($B$3:$B$4,C3:C4)/10 -> 5.625 | D2: =+SUMPRODUCT($B$3:$B$4,D3:D4)/10 -> 12.5
A3: Desglose de actuaciones: Se debe explicar, de un modo claro y conciso, cómo piensa que es la mejor manera de ejecutar los trabajos. Para ello se deberá desglosar las actuaciones en etapas secuenciales, ordenadas de una manera lógica y coherente. Para cada etapa se deberán describir los trabajos que se llevan a cabo, qué duración van a tener y qué medios humanos y técnicos van a ser necesarios para llevarlos a cabo. | B3: 6.25 | C3: =Desglosado!D4 -> 5 | D3: =Desglosado!F4 -> 10
A4: Metodología: Se valorará el contenido y la utilidad de la metodología propuesta de manera que se describan todos los trabajos a ejecutar, de forma secuencial, cronológica y lógica hasta la finalización de los mismos. Deberá proponer la cifra óptima de expedientes por cada entrega (sin superar el máximo de ml establecido en el PPT) dentro de la metodología. | B4: 6.25 | C4: =Desglosado!D7 -> 4 | D4: =Desglosado!F7 -> 10
A5: Medios Técnicos (10) | B5: =SUM(B6) -> 10 | C5: =+C6*$B$6/10 -> 9 | D5: =+D6*$B$6/10 -> 6
A6: Se valorará la composición y adecuación de los medios materiales propuestos para la ejecución del contrato. | B6: 10 | C6: =+Desglosado!D11 -> 9 | D6: =+Desglosado!F11 -> 6
A7: 3. Plan de Calidad (15): Se trata de definir el proceso del control de Calidad: qué se va a hacer como control de calidad, cómo se va a hacer y qué aspectos se contemplarán en el informe mensual del control de calidad. | B7: =SUM(B8:B10) -> 15 | C7: =+SUMPRODUCT(+C8:C10*$B$8:$B$10/10) -> 11.25 | D7: =+SUMPRODUCT(+D8:D10*$B$8:$B$10/10) -> 11.25
A8: Se valorará estar en posesión de la ISO 27001Sistemas de Gestión la Seguridad de la Información, para los Sistemas Gestión de la Seguridad de la Información, que permite a las organizaciones la evaluación del riesgo y la aplicación de los controles necesarios para mitigarlos o eliminarlos | B8: 5 | C8: =+Desglosado!D15 -> 5 | D8: =+Desglosado!F15 -> 5
A9: También se valorará el seguimiento de la Norma UNE EN-15713 Destrucción segura del material confidencial, en lo que se refiere al transporte (recogida, llegada a las instalaciones) | B9: 5 | C9: =+Desglosado!D16 -> 10 | D9: =+Desglosado!F16 -> 10
A10: En relación a la concepción global del Plan de Calidad | B10: 5 | C10: =+Desglosado!D17 -> 7.5 | D10: =+Desglosado!F17 -> 7.5
A11: 4. Otras mejoras (2,5) | B11: =SUM(B12) -> 2.5 | C11: =+C12*$B$12/10 -> 1 | D11: =+D12*$B$12/10 -> 1
A12: Se valorará como mejora que se dispongan o se constituyan seguros relativos a protección de datos, pérdida de documentación u otros que guarden relación con este servicio. | B12: 2.5 | C12: =Desglosado!D19 -> 4 | D12: =Desglosado!F19 -> 4
A13: Valoración Técnica VT | C13: =+C2+C5+C7+C11 -> 26.875 | D13: =+D2+D5+D7+D11 -> 30.75
A15: PUNTUACIÓN ORDINAL | C15: =_xlfn.RANK.EQ(C13,$C$13:$D$13) -> 2 | D15: =_xlfn.RANK.EQ(D13,$C$13:$D$13) -> 1

Sheet Desglosado
A1: E19-0089 "DIGITALIZACIÓN EN FASE I DEL FONDO DOCUMENTAL DE LA AUTORIDAD PORTUARIA DE BALEARES" | D1: =+Resumen!A5 -> Zertifika General SL | F1: =Resumen!A7 -> GABINET BALEAR D’INTEGRACIÓ LABORAL, S.L.
A2: Descripción/criterios | C2: Peso | D2: Puntuación | E2: Comentarios | F2: Puntuación | G2: Comentarios
A3: =+Gral!A2 -> 1. Memoria Descriptiva (12,5)
A4: =Gral!A3 -> Desglose de actuaciones: Se debe explicar, de un modo claro y conciso, cómo piensa que es la mejor manera de ejecutar los trabajos. Para ello se deberá desglosar las actuaciones en etapas secuenciales, ordenadas de una manera lógica y coherente. Para cada etapa se deberán describir los trabajos que se llevan a cabo, qué duración van a tener y qué medios humanos y técnicos van a ser necesarios para llevarlos a cabo. | D4: 5 | E4: Alcance de los trabajos a realizar: • Traslado de los expedientes a las dependencias del contratista en caso de realizar los trabajos en nuestras instalaciones • Preparación de los expedientes para su digitalización • Digitalización de los documentos • Indexación de los documentos del expediente • Control de calidad • Entrega e integración en ODILO A3W • Rearmado del expediente • Devolución del expediente Etapas no coincidente con la metodología. Cita la entrega previa al rearmado lo cual es ilógico. No incluye el perfil para la fase de entrega e integración en ODILO A3W. Descripción de etapas algo genérica, donde no se especifican de forma detallada los trabajos. Tampoco se detallan los medios técnicos y humanos para cada una de ellas. Valoración: No aporta etapas de forma secuencial ya que pone la entrega antes del rearmado, lo cual es ilógico. El desglose de las actuaciones en etapas no es coincidente con la descripción de la metodología. Falta el perfil para la fase de entrega e integración en ODILO A3W. | F4: 10 | G4: Desglose de las actuaciones: - RECOGIDA DE LA DOCUMENTACIÓN: Apartado completo indicando el lugar de recogida, los medios humanos y técnicos. - RECEPCIÓN Y CUSTODIA DE LA DOCUMENTACIÓN: Aporta plano de ubicación de sus instalaciones con la descripción de la seguridad del recinto. Aporta medios humanos. - PREPARACIÓN/CLASIFICACIÓN DE LA DOCUMENTACIÓN: Se plantea escenario con diferentes situaciones que se puedan dar. Aporta medios humanos. - DIGITALIZACIÓN DE LA DOCUMENTACIÓN: Flexibilidad del equipo en función del documento a digitalizar. Indica formatos adecuados y hace una mención especial a los soportes digitales explicando el procedimiento mediante almacenaje en carpetas digitales debidamente identificadas. - TRATAMIENTO Y GESTIÓN DE INCIDENCIAS: Utilización de programa gladtolink para el seguimiento de los trabajos y resolución de incidencias, y que tendrán acceso las personas autorizadas de la APB - ENTREGA DE LA DOCUMENTACIÓN DIGITALIZADA POR EXPEDIENTE: Hace mención a la incorporación de la documentación digitalizada al programa de archivo de la APB (ODILO A3W). - ENTREGA DE LA DOCUMENTACIÓN FÍSICA: Descripción pormenorizada de la devolución física del expediente. - ENTREGA DEFINITIVA DE LA DOCUMENTACIÓN DIGITALIZADA: Indican la entrega de la documentación digitalizada en dispositivo de almacenamiento electrónico. Descripción de etapas secuenciadas de forma lógica. Describe para cada etapa los trabajos, medios humanos y técnicos necesarios. - Puntuación: + 2,5 (Desglose completo) + 2,5 (Descripción completa etapas)+ 1,25 (Duración incompleta / no definida) + 1,25 (Medios humanos y técnicos incompletos)= 7,5
A5: + Desglose completo de etapas, descripción, duración y medios humanos y técnicos: 0 - 10 - Desglose actuaciones completo en etapas secuenciales: 3 ptos (desglose incompleto / genérico / no secuencial: 1,5) - Descripción de los trabajos de cada etapa: 4 ptos (descripción incompleta / genérica: 2) - Descripción de los medios humanos y técnicos necesarios: 3 ptos (medios humanos y técnicos incompletos: 1,5)
E6: Puntuación: + 1,5 (Desglose de etapas no secuencial) + 2 (descripción genérica de etapas) + 1,5 (medios humanos incompletos) = 5 | G6: Puntuación: + 3 (Desglose de etapas lógico y coherente) + 4 (descripción completa de los trabajos de las etapas) + 3 (medios humanos completos) = 10
A7: =Gral!A4 -> Metodología: Se valorará el contenido y la utilidad de la metodología propuesta de manera que se describan todos los trabajos a ejecutar, de forma secuencial, cronológica y lógica hasta la finalización de los mismos. Deberá proponer la cifra óptima de expedientes por cada entrega (sin superar el máximo de ml establecido en el PPT) dentro de la metodología. | D7: 4 | E7: Las tareas a realizar durante el proceso son las siguientes: • Solicitud de digitalización de expediente • Traslado de los expedientes a las dependencias del contratista en caso de realizar los trabajos en nuestras instalaciones • Preparación de los expedientes para su digitalización • Digitalización de los documentos • Indexación de los documentos del expediente • Rearmado del expediente • Control de calidad • Devolución del expediente • Entrega e integración en ODILO A3W Indica en su oferta lo siguiente "Todo el proceso desde el inicio al final del servicio tomando como base la recepción, proceso y entrega de los resultados de 2 expedientes (máximo establecido por el PPT de la APB) será de 72h desde la recogida hasta la entrega, contando días laborables". Lo cual es una INCONGRUENCIA con lo que indica en el PPTP que es de 15 días. En la fase de Solicitud de digitalización de expediente, indica "Independientemente del tamaño de los expedientes, se tendrá un plazo máximo de 15 días para proceder a su digitalización", lo cual también es una incongruencia con lo indicado anteriormente. ¿Son 72 horas o 15 días?. En lo referennte al ticketing indica en su oferta "La secuencia de estados puede verse variada en función a una necesidad específica de la APB en la que requiera la devolución del expediente de forma urgente, por lo que en este caso, si el expediente ya había sido preparado para la digitalización o se encuentra en plena digitalización, se suspende el proceso para proceder a rearmar el expediente y entregarlo en la APB en el plazo que estableceremos". Se trata de una INCONGRUENCIA ya que el tiempo está establecido en el PPTP y es de 3 horas. Posteriormente presentan tabla con características para el proceso de recogida, en la cual presentan el plazo de entrega ofertado para los expedientes a petición de la APB, que es un criterio de adjudicación evaluable de forma automática. *Se informa que ofertante incluye en este apartado que el plazo ofertado de entrega para los expedientes a petición de la APB, es de 80 minutos. En el apartado "Devolución del expediente" hacen un corta y pega de la recogida del material que no proce en este apartado. El aparatdo de entrega e integración en ODILO A3W es genérico y hace mención al PPTP. No está bien explicado. En general este apartado no está bien estructurado, es incongruente, genérico e incompleto, ya que no incluye Plan de ahorro energético a aplicar durante el servicio con al menos 5 medidas | F7: 10 | G7: METODOLOGÍA DE PRESTACIÓN DEL SERVICIO 1 - RECOGIDA DE LA DOCUMENTACIÓN: Apartado completo indicando el lugar de recogida, los medios humanos y técnicos. 2 - RECEPCIÓN Y CUSTODIA DE LA DOCUMENTACIÓN: Aporta plano de ubicación de sus instalaciones con la descripción de la seguridad del recinto. Aporta medios humanos. 3 - PREPARACIÓN/CLASIFICACIÓN DE LA DOCUMENTACIÓN: Se plantea escenario con diferentes situaciones que se puedan dar. Aporta medios humanos. 4 - DIGITALIZACIÓN DE LA DOCUMENTACIÓN: Flexibilidad del equipo en función del documento a digitalizar. Indica formatos adecuados y hace una mención especial a los soportes digitales explicando el procedimiento mediante almacenaje en carpetas digitales debidamente identificadas. 5 - TRATAMIENTO Y GESTIÓN DE INCIDENCIAS: Utilización de programa gladtolink para el seguimiento de los trabajos y resolución de incidencias, y que tendrán acceso las personas autorizadas de la APB 6 - ENTREGA DE LA DOCUMENTACIÓN DIGITALIZADA POR EXPEDIENTE: Hace mención a la incorporación de la documentación digitalizada al programa de archivo de la APB (ODILO A3W). 7 - ENTREGA DE LA DOCUMENTACIÓN FÍSICA: Descripción pormenorizada de la devolución física del expediente. 8- ENTREGA DEFINITIVA DE LA DOCUMENTACIÓN DIGITALIZADA: Indican la entrega de la documentación digitalizada en dispositivo de almacenamiento electrónico. 9- PLAN DE AHORRO ENERGÉTICO: Incorpora Plan de ahorro energético a aplicar durante el servicio con 5 medidas. Descripción de etapas completa, donde se especifican de forma detallada los trabajos de cada etapa.
A8: + Metodología: 0- 10 - Bien desarrollada o concisa: 10 ptos. - si es sucinta: 7,5 ptos. (escueta, genérica, incompleta: 4)
E9: - Puntuación: + 4 (Metodología mal estructurada, con incongruencias, genérica e incompleta) = 4 | G9: - Puntuación: + 4 (Metodología bien estructurada y completa) = 10
A10: =+Gral!A5 -> Medios Técnicos (10)
A11: =Gral!A6 -> Se valorará la composición y adecuación de los medios materiales propuestos para la ejecución del contrato. | D11: 9 | E11: Todos los medios presentados son propios de la empresa sin necesidad de subcontratar ningún otro equipo a terceros. Con los medios indicados, tienen una capacidad productiva superior a 48.000 páginas digitalizadas por hora (condicionadas al formado de los documentos). METODOLOGÍA Y TRANSPORTE SEGÚN UNE-EN 15713 1 Diagrama de prestación del servicio 2 Transporte del material de carácter confidencial: No especifica el tipo/tipos de vehículo que va destinar para este servicio. Se limita a indicar unos requisitos básicos a cumplir por los mismos. Los vehículos de recogida cumplen los siguientes requisitos: 6 escáneres Canon DR-G1100C (Velocidad de hasta 200 ipm en blanco y negro o color, lo que hace 5.400 documentos hora; Alimentador de 500 páginas; Capture perfect + VRS) 2 escáneres Kodak 3520 (en backup) (Velocidad de 70 imágenes por minuto en blanco y negro, lo que representa 4200 imágenes hora.) 2 escáneres Kodak i1220 para fotografías (45 ppm o 2700 paginas hora en color o b/n; VRS) 1 escáner cenital Bookeye (Hasta documentos A2; Permite la digitalización y Split de un documento A2 en dos A3 o un A3 en dos A4; Cámara CCD de 22.800 pixeles) 1 cámara Canon 10D con trípode cenital Manfrotto (Fotografía de alta resolución; Disparo controlado por software; Diversos objetivos para conseguir tamaños reales (50mm, 105mm, zoom 18-55, zoom 70-200, …)). 2 escáneres de planos Contex (Digitalización de planos hasta formato A0+; Resolución hasta 600dpi) | F11: 6 | G11: 1. EQUIPOS DE DIGITALIZACIÓN propuestos para la ejecución del servicio: 1.1. MEDIOS PROPIOS • Escáner WideTEK 48CL-600 [1 unidad] – Uso: planos (Escáner A2/A1/A0; Resolución de salida: Hasta 1200 dpi; Lado de escaneado: Anverso/reverso; Velocidad horizontal: Color: 200 dpi y Blanco y negro: 200 dpi) • Escáner CANON DR-G1130 [2 unidades] – Uso: documentación administrativa + planos (Escáner A3/A4 de sobremesa con alimentador; Resolución de salida: Hasta 600 ppp; Lado de escaneado: Anverso/reverso/a doble cara; Velocidad horizontal: Color: 130 ppm / 260 ipm y Blanco y negro: 130 ppm / 200 ipm) • Escáner Fujitsu Fi-7600 [1 unidad] – Uso: documentación administrativa (Escáner A4 de sobremesa con alimentador; Resolución de salida: Hasta 600 ppp; Lado de escaneado: Anverso/reverso/a doble cara; Velocidad horizontal: Color: 80 ppm / 160 ipm y Blanco y negro: 80 ppm / 160 ipm) • Escáner RICOH MP C4503 [3 unidades] – Uso: documentación administrativa (Escáner A4 de sobremesa con alimentador; Resolución de salida: Hasta 600 ppp; Lado de escaneado: Anverso/reverso/a doble cara; Velocidad horizontal: Color: 110 ppm / 180 ipm y Blanco y negro: 110 ppm / 180 ipm) 2. EQUIPOS DE APOYO propuestos para la ejecución del servicio. • CPD Principal o Servidor Huawei 2288H V5/2xDDS 32GB 192GB RAM (3 unidades). 2xIntel Xeon Gold 6136 3.0GHz, 6*GE+2*10GE, SFP+ QLOGIC 2*FC HBA 16Gb, 2xfuente alim, SSD, SATA 6Gb/s-32GB, Hot-Swappable 6,00 33,89 203,34, DDR4 RDIMM Memory,32GB,2666MT, System Onsite Repair 24x7 4 Hour Response o Almacenamiento: Storage Model Huawei 5300 V3 (1 unidad). 2U, Dual Ctrl, AC, 32GB, 8*GE, 25*2.5", SPE33C0225. LPU4FC8V3 4 port 8Gb FC I/O module. SmartDedupe & SmartCompression (for LUN)-Hi-Care Application. Version: V300R006C20. Capacity: 10 TB. System Onsite Repair 24x7 4 Hour Response • CPD DR (Disaster Recovery) o Servidores tipo rack 1U IBM X3550 M2 (3 unidades). IBM System x3550M2 7946 - Servidor montado en bastidor - 1U - 2 vías - 2 x Quad-Core Xeon E5504 / 2.0 GHz RAM 32 GB - SAS - hot-swap 2.5" SAS BR10i - Gigabit Ethernet. IBM HDD 146GB 2,5in SFF SLIM SAS. IBM POWER SUPPLY 675W REDUNDANT. QLogic 4Gb FC Dual-Port PCIe. HBA for IBM System Onsite Repair 24x7 4 Hour Response o Sistemas de Almacenamiento (1 unidad) Cabina externa discos IBM DS3400. Ampliable con 3 cajones adicionales de 12 HD cada uno. Capacidad actual configurada RAID 5 + HD Spare neta 3,15 TB / Capacidad bruta 4TB. IBM System Storage DS3400 Dual Controller. Dual fab cooling and power system. 12 x IBM 450GB 3,5in 15K HS SAS HDD o Switching storage (switches de fibra óptica) (2 unidades). IBM System Storage SAN24B-4. Conmutador - 8 puertos - 8Gb Fibre Channel - fibra óptica. 16 x puertos SFP (mini-GBIC) bajo demanda - 1U. IBM 4-Gbps Optical Transceiver. IBM e-ServicePac On-Site Repair.
A12: + Medios técnicos: 0 - 10 - Escaner cenital: 1 pto cada ud hasta un máximo de 2 - Escaner planos: 1 pto cada ud hasta un máximo de 2 - Escaner fotografías: 1 pto cada ud hasta un máximo de 2 - Escaner de documentos: 1 pto cada ud hasta un máximo de 2 - Backup de escáneres: 1 pto cada ud hasta un máximo de 2
E13: - Puntuación: +1 ( 1 Ud. De Escaner cenital) + 2 (2 Uds. Escaner de planos hasta AO) + 2 (2 Uds. Escaner de fotografías)+ 2 (6 Uds. Escaner de documentos en A4) + 2 (2 Uds. Escaner backup) = 9 | G13: - Puntuación: + 0 ( no aporta Escaner cenital) + 2 (1 Ud. Escaner de planos hasta AO + 1ud planos A3/A4 ) + 0 (no aporta Escaner de fotografías)+ 2 (6 Uds. Escaner de documentos en A4) + 2 (2 Uds. De almacenamiento para CPS ppal. y CPD DR) = 6
A14: =+Gral!A7 -> 3. Plan de Calidad (15): Se trata de definir el proceso del control de Calidad: qué se va a hacer como control de calidad, cómo se va a hacer y qué aspectos se contemplarán en el informe mensual del control de calidad.
A15: + ISO 27001 Sistemas de Gestión la Seguridad de la Información: 0 - 10 - Si presenta certificado ISO 27001: 10 ptos - Si mencionan estar en posesión de certificado ISO 27001: 5 ptos | D15: 5 | E15: Indican que cumplirá de forma obligatorio con todo lo establecido en las certificaciones disponibles en la empresa en cuanto a calidad, seguridad de la información y destrucción y traslado de la documentación (ISO 9001, ISO 27001, UNE EN-15713, RGPD, y las disposiciones adicionales requeridas por la APB). No aporta certificado que lo avale, tampoco indica la empresa acreditadora de dicha certificación. En la página web aparecen los sellos en pequeño de AENOR pero son ilegibles y no se encuentran el documento de certificación. - Puntuación: + 5 (mencionan estar en posesión de certificado ISO 27001) = 5 | F15: 5 | G15: Indican que disponen de Certificación ISO 27001:2013 “Tecnología de la información. Técnicas de seguridad. Sistemas de Gestión de la Seguridad de la Información. Requisitos” (UKAS: United Kingdom Accreditation Service), donde incluyen expresamente la “Gestión documental: custodia física, digitalización, traslado, custodia digital y destrucción confidencial de documentos y archivos”. No presentan certificado indicado. En la página web aparecen los sellos en pequeño de SGS como entidad certificadora, pero no se encuentran el documento de certificación. - Puntuación: + 5 (mencionan estar en posesión de certificado ISO 27001) = 5
A16: + Seguimiento de la Norma UNE EN-15713 Destrucción segura del material confidencial, en lo que se refiere al transporte: 0 - 10 | D16: 10 | E16: Indican que cumplirá de forma obligatorio con todo lo establecido en las certificaciones disponibles en la empresa en cuanto a calidad, seguridad de la información y destrucción y traslado de la documentación (ISO 9001, ISO 27001, UNE EN-15713, RGPD, y las disposiciones adicionales requeridas por la APB). Aunque no presenta certificado de la ISO 15713, menciona expresamente su seguimiento. - Puntuación: + 10 (menciona el seguimiento de la ISO 15713) = 10 | F16: 10 | G16: Disponen de Certificación ISO 15713:2010 “Destrucción segura del material confidencial. Código de buenas prácticas”, donde se indica expresamente los “Servicios de destrucción confidencial de datos y documentos en soporte papel y digitales”, incluyendo todas las actividades necesarias para su prestación, entre ellas, en transporte. También indican que adicionalmente, disponen de la certificación ISO 9001:2015 “Sistemas de gestión de la calidad. Requisitos” (ENAC), donde indica expresamente que se incluyen sus “Servicios logísticos: transporte, almacenaje y distribución de productos no perecederos”. La certificación, en este último caso, se ha emitido bajo la acreditación Entidad Nacional de Acreditación. Aunque no presenta certificado de la ISO 15713:2010, menciona expresamente su seguimiento. - Puntuación: + 10 (menciona el seguimiento de la ISO 15713) = 10
A17: + Concepción global del Plan de Calidad: 0 - 10 - completa y desarrollada: 10 ptos - sucinta: 7,5 - genérica / poco desarrollada: 5 ptos | D17: 7.5 | E17: El responsable de calidad, previa a la preparación del expediente para su devolución, realizara un control adicional de calidad para verificar y certificar que la entrega cumple con las medidas y parámetros establecidos por parte del pliego y la oferta presentada por la empresa. El control de calidad consistirá en la verificación de forma aleatoria de X documentos (un 100% en la fase inicial del proyecto) digitalizados de forma que se verifique de cada uno de los documentos los siguientes parámetros: • Cumplimiento de las Prescripciones Técnicas en general • Formato de la digitalización: color, dpi, brillo, contraste, perfecta visión del documento, alineación, eliminación de márgenes • Documento firmado electrónicamente y con la homologación por parte de la AEAT • Documento con OCR incorporado: realización de búsquedas de palabras dentro del documento • Documento perfectamente referenciado en el índice correspondiente. • Expediente físico en las condiciones iniciales Se mantendrá un registro de verificación y check donde en dicho registro se evidenciarán las acciones realizadas por parte del responsable de calidad. En el caso de encontrarse alguna incidencia, se reportará y se dispondrá de un máximo de 15 días para solventar dicha incidencia. La gestión de las incidencias se llevará a cabo mediante la misma herramienta de ticketing mencionada en la memoria descriptiva, y generando un documento de incidencia/no conformidad de acuerdo al formato establecido en la norma 9001. Aporta ejemplo de Informe de acción correctiva/preventiva Se generará un informe por cada expediente donde se tendrá la información del tomo, nº de documentos, nº de páginas digitalizadas Además se generará otro reporte por expediente indicando el Tipo Documento, Nº de documentos y Nº de páginas digitalizadas Mensualmente se realizará un reporte acumulativo de expedientes digitalizados en el mes y el total acumulado hasta la fecha indicando el Nº Total Expedientes, el Nº Total de Documentos y los TOTALES globales. Este registro podrá consultarse en cualquier momento por los responsables de la comisión de seguimiento designados por la APB y se entregara como documentación adicional junto con el albarán de devolución del expediente. Aporta ficha del perfil del responsable de calidad, según se establece en las fichas de requisitos por perfil de puesto de trabajo de la ISO 9001. Indica que se realizarán dos informes con periodicidades y contenidos diferentes: - Control de calidad de cada expediente procesado (por entrega) - Informe mensual de situación del proyecto (mensual) - Puntuación: + 5 (Descripción sucinta del Plan de Calidad) = 7,5 | F17: 7.5 | G17: • Supervisión y autocontrol: elementos de verificación de conformidad o no conformidad de los datos e imágenes capturadas por parte de los operadores. Anteriormente descrita en la metodología del servicio, y con alcance del 100% de los documentos tratados. • Inspección y control: elementos de verificación de conformidad o no conformidad con los requisitos establecidos en los protocolos de trabajo del servicio y se refieren tanto a cuestiones materiales como a parámetros de este. Estas actividades son realizadas por el coordinador del servicio de digitalización y consisten: ▪ Supervisión de cuadro de mando de indicadores de la actividad: métricas de desempeño y productividad, donde se pueden identificar situaciones anormales. ▪ Inspecciones físicas aleatorias, registradas en el marco de su sistema de gestión, para comprobar la corrección de todo el proceso (correcta captura de imagen, datos conformes, procedimiento utilizado, etc.) de digitalización. • Auditoría Interna: Revisiones, tanto de proceso como de sistema, que evalúan el grado de adecuación de las actividades a la metodología de trabajo descrita en los protocolos. Se realiza con periodicidad anual. Los procesos de digitalización certificada forman parte del alcance de la certificación del sistema y, por tanto, todas las actividades y procesos vinculados están sometidos a auditoría. • Encuesta de calidad: Se realizará, en el marco de las encuestas mensuales que GABINETBALEAR realiza a sus clientes, un mínimo de una encuesta de calidad de servicio. El alcance de las metodologías indicadas es de aplicación tanto al control de medios, al control de ejecución como al control de servicio terminado. Además de las metodologías indicadas, enfocadas a mecanismos de control, y en el marco de la garantía o aseguramiento de la calidad, también cabe destacar: • Evaluación de incidencias: Sistema de tratamiento y gestión de incidencias que permite la obtención de información útil, así como de indicadores que contribuirán a la mejora continua de la calidad del servicio. La evaluación se realizará con periodicidad mensual. • Reuniones Internas de Coordinación: Sesión de coordinación semanal (como mínimo) para trasladar información (en sentido ascendente y descendente) entre los miembros del equipo de GABINETBALEAR. Se analizarán las principales incidencias, así como las oportunidades de mejora identificadas en el periodo. • Reuniones Externas de Coordinación: el Responsable de Servicio y el Coordinador de servicio mantendrán una reunión periódica, inicialmente de carácter mensual, con las personas designadas por parte de la APB. La frecuencia se adaptará a las circunstancias de cada momento y a los requerimientos de la APB. - Puntuación: + 5 (Descripción sucinta del Plan de Calidad) = 7,5
A18: =+Gral!A11 -> 4. Otras mejoras (2,5)
A19: Se valorará como mejora que se dispongan o se constituyan seguros relativos a protección de datos, pérdida de documentación u otros que guarden relación con este servicio. | D19: 4 | E19: 1- Digitalización Certificada: Todos los documentos independientemente del tipos serán digitalizados mediante software de digitalización certificada. No se considera mejora referente a ningún seguro de protección de datos o pérdida de documentación. 2- OCR Texto Libre: Se aplica OCR a todos los documentos independientemente del formato. No se considera mejora, ya que está incluido en el Pliego. 3- Creación de Índices: Todos los documentos serán vinculados al índice proporcionado por la APB de forma que desde la página de índice se pueda abrir el documento correspondiente. No se considera mejora, ya que está incluido en el Pliego. 4- Creación de catálogos: Se genera un catalogo de búsqueda de texto libre mediante el cual desde ADOBE READER puede abrirse y buscarse cualquier palabra y el sistema devuelve todos los documentos del expediente que contienen dicha palabra y su posición en los documentos. No se considera mejora, ya que está incluido en el Pliego. 5- Reducción de tiempo de proceso: Los expedientes serán devueltos a las 72 horas de su recogida en caso de 2 expedientes. En caso de 1 expediente, se devolverá a las 48 horas. No se considera mejora, ya que está incluido en el Pliego. 5- Reducción de tiempo de devolución sin digitalización: 80 minutos. Presentan el plazo de entrega ofertado para los expedientes a petición de la APB, que es un criterio de adjudicación evaluable de forma automática. *Se informa que el ofertante incluye en este apartado que el plazo ofertado de entrega para los expedientes a petición de la APB, es de 80 minutos. 6- Solicitud y trazabilidad por herramienta de ticketing: Habilitación de una herramienta para solicitar las retiradas y controlar el estado de las etapas de procesado. 7- Ticketing para incidencias: Habilitación de una herramienta de ticketing para reporte y seguimiento de incidencias. 8- Delegación de certificado: Utilización de certificado de proceso de digitalización certificada de Zertifika 9- TSA (Time Stamping): Utilización de sellado de tiempo en el momento de la digitalización (TSA de Firma Profesional) de forma gratuita para la emisión de los sellos de tiempo | F19: 4 | G19: 1. COPIAS DE SEGURIDAD DE LA INFORMACIÓN: Realizan copias de seguridad diarias de todos los datos de GABINETBALEAR con Acronis Backup para servidor. Las copias de seguridad se conservan durante 3 meses, con topología GFS (Grandfather-Father-Son). No se considera mejora referente a ningún seguro de protección de datos o pérdida de documentación. 2. ENTORNO SECURIZADO: Disponen de un entorno securizado por FW (Firewal) Fortinet en modo Clúster (Alta Disponibilidad). A nivel de networking, su core está basado en arquitectura Cisco. Toda la estructura de servidores esta virtualizada, lo que otorga flexibilidad y adaptación al cambio. Alojada en un CPD protegido con acceso biométrico, con climatización en alta disponibilidad y alimentado por SAI’s de alto rendimiento en HA (tolerancia a fallos). El sistema que domina la red es Windows Server 2012 R2 a nivel de servidor y Windows 10 a nivel de estación de trabajo. Todo orquestado por políticas de seguridad de directorio Activo Microsoft. Portal al cliente cifrado con certificado de seguridad GeoTrust. No se considera mejora referente a ningún seguro de protección de datos o pérdida de documentación. 3. CERTIFICACIÓN DE SISTEMAS DE GESTIÓN DE CALIDAD: Certificación ISO 9001:2015 “Sistemas de gestión de la calidad. Requisitos” (ENAC), para el servicio licitado, al indicar expresamente que incluyen sus “Servicios de gestión de datos y documentos: custodia física, traslado, digitalización, custodia digital y destrucción, genérica y confidencial”. No se considera mejora referente a ningún seguro de protección de datos o pérdida de documentación. 4. CERTIFICACIÓN DE SISTEMAS DE GESTIÓN AMBIENTAL: Certificación ISO 14001:2015 “Sistemas de gestión ambiental. Requisitos con orientación para su uso” (ENAC), para el servicio licitado, al indicar expresamente que incluyen sus “Servicios de gestión de datos y documentos: custodia física, traslado, digitalización, custodia digital y destrucción, genérica y confidencial”. No se considera mejora referente a ningún seguro de protección de datos o pérdida de documentación.
A20: + Otras mejoras: 0- 10 - Seguros de protección de datos, pérdida de documentación u otros que guarden relación con este servicio: 2 ptos c/u, hasta un máximo de 10 (Resto de mejoras: 0,5 ptos c/u)
E21: - Puntuación: + 4 x 1 (Digitalización certificada, trazabilidad e incidencias con Ticketing, Delegación de certificado y sellado de tiempo) = 4 | G21: - Puntuación: + 4 x 1 (Copias de seguridad de la información durante 3 meses, Portal de seguridad cifrado con certificado de seguridad Geo Trust, Iso 9001:2015 de sist. Gestión de la calidad. Requisitos, ISO 14001:2015 “Sistemas de gestión ambiental. Requisitos con orientación para su uso) = 4
D23: =IF(SUM(D4:D21)=SUM(Gral!C3:C4,Gral!C6,Gral!C8:C10,Gral!C12),"OK","MAL") -> OK | F23: =IF(SUM(F4:F21)=SUM(Gral!D3:D4,Gral!D6,Gral!D8:D10,Gral!D12),"OK","MAL") -> OK

Sheet comparativa
B2: OLIEGO | C2: =Resumen!A5 -> Zertifika General SL | G2: =Resumen!A7 -> GABINET BALEAR D’INTEGRACIÓ LABORAL, S.L.
B3: TIPO | C3: UDS | E3: DIMENSIONES | F3: CUMPLE | G3: UDS | I3: CUMPLE
B4: Capacidad de digitalizar hasta formato A0 cenitalmente sin unión de partes. | D4: 6 escáneres Canon DR-G1100C (Velocidad de hasta 200 ipm en blanco y negro o color, lo que hace 5.400 documentos hora; Alimentador de 500 páginas; Capture perfect + VRS) | G4: 1 | H4: Escáner Fujitsu Fi-7600 [1 unidad] – Uso: documentación adminsitrativa (Escáner A4 de sobremesa con alimentador; Resolución de salida: Hasta 600 ppp; Lado de escaneado: Anverso/reverso/a doble cara; Velocidad horizontal: Color: 80 ppm / 160 ipm y Blanco y negro: 80 ppm / 160 ipm)
B5: Escáneres cenitales ccd lineal de barrido vertical de altas prestaciones y con iluminación solo activa en el momento de digitalización. | D5: 2 escáneres Kodak 3520 (en backup) (Velocidad de 70 imágenes por minuto en blanco y negro, lo que representa 4200 imágenes hora.) | G5: 2 | H5: Escáner CANON DR-G1130 [2 unidades] – Uso: documentación administrativa + planos (Escáner A3/A4 de sobremesa con alimentador; Resolución de salida: Hasta 600 ppp; Lado de escaneado: Anverso/reverso/a doble cara; Velocidad horizontal: Color: 130 ppm / 260 ipm y Blanco y negro: 130 ppm / 200 ipm)
B6: Los escáneres a utilizar cuenten con realización de balance de blancos automático, sin necesidad de calibración por mecanismo humano, que pueda derivar en un error de la misma. | D6: 2 escáneres Kodak i1220 para fotografías (45 ppm o 2700 paginas hora en color o b/n; VRS) | G6: 3 | H6: Escáner RICOH MP C4503 [3 unidades] – Uso: documentación administrativa (Escáner A4 de sobremesa con alimentador; Resolución de salida: Hasta 600 ppp; Lado de escaneado: Anverso/reverso/a doble cara; Velocidad horizontal: Color: 110 ppm / 180 ipm y Blanco y negro: 110 ppm / 180 ipm)
D7: 1 escáner cenital Bookeye (Hasta documentos A2; Permite la digitalización y Split de un documento A2 en dos A3 o un A3 en dos A4; Cámara CCD de 22.800 pixeles)
B8: Los escáneres utilizados para el proyecto, con un solo barrido generarán distintos formatos de imágenes, por ejemplo, TIFF como copia de conservación y PDF como difusión, de esta forma garantizan el ahorro de tiempo y perjuicio en la manipulación de la documentación. | C8: 6 | D8: 1 cámara Canon 10D con trípode cenital Manfrotto (Fotografía de alta resolución; Disparo controlado por software; Diversos objetivos para conseguir tamaños reales (50mm, 105mm, zoom 18-55, zoom 70-200, …)).
C9: 2 | D9: 2 escáneres de planos Contex (Digitalización de planos hasta formato A0+; Resolución hasta 600dpi) | G9: 1 | H9: Escáner WideTEK 48CL-600 [1 unidad] – Uso: planos (Escáner A2/A1/A0; Resolución de salida: Hasta 1200 dpi; Lado de escaneado: Anverso/reverso; Velocidad horizontal: Color: 200 dpi y Blanco y negro: 200 dpi)
B10: Backup de escáneres de idénticas condiciones a las solicitadas en el pliego, como reserva durante la ejecución total del proyecto, garantizando de esta manera la no interrupción del servicio. | C10: 2 | G10: • CPD principal | H10: o Servidor Huawei 2288H V5/2xDDS 32GB 192GB RAM (3 unidades). 2xIntel Xeon Gold 6136 3.0GHz, 6*GE+2*10GE, SFP+ QLOGIC 2*FC HBA 16Gb, 2xfuente alim, SSD, SATA 6Gb/s-32GB, Hot-Swappable 6,00 33,89 203,34, DDR4 RDIMM Memory,32GB,2666MT, System Onsite Repair 24x7 4 Hour Response
C11: 1 | H11: o Almacenamiento: Storage Model Huawei 5300 V3 (1 unidad). 2U, Dual Ctrl, AC, 32GB, 8*GE, 25*2.5", SPE33C0225. LPU4FC8V3 4 port 8Gb FC I/O module. SmartDedupe & SmartCompression (for LUN)-Hi-Care Application. Version: V300R006C20. Capacity: 10 TB. System Onsite Repair 24x7 4 Hour Response
C12: 1 | G12: • CPD DR (Disaster Recovery) | H12: o Servidores tipo rack 1U IBM X3550 M2 (3 unidades). IBM System x3550M2 7946 - Servidor montado en bastidor - 1U - 2 vías - 2 x Quad-Core Xeon E5504 / 2.0 GHz RAM 32 GB - SAS - hot-swap 2.5" SAS BR10i - Gigabit Ethernet. IBM HDD 146GB 2,5in SFF SLIM SAS. IBM POWER SUPPLY 675W REDUNDANT. QLogic 4Gb FC Dual-Port PCIe. HBA for IBM System Onsite Repair 24x7 4 Hour Response
C13: 2 | H13: o Sistemas de Almacenamiento (1 unidad) Cabina externa discos IBM DS3400. Ampliable con 3 cajones adicionales de 12 HD cada uno. Capacidad actual configurada RAID 5 + HD Spare neta 3,15 TB / Capacidad bruta 4TB. IBM System Storage DS3400 Dual Controller. Dual fab cooling and power system. 12 x IBM 450GB 3,5in 15K HS SAS HDD
H14: o Switching storage (switches de fibra óptica) (2 unidades). IBM System Storage SAN24B-4. Conmutador - 8 puertos - 8Gb Fibre Channel - fibra óptica. 16 x puertos SFP (mini-GBIC) bajo demanda - 1U. IBM 4-Gbps Optical Transceiver. IBM e-ServicePac On-Site Repair.
